Map: Orbital Shipyard

Players

블루토스 - Winner!

  • Race: Protoss Protoss
  • League: Diamond

ILLBdA

  • Race: Terran Terran
  • League: Diamond

VOD

Have the link to the VOD?

Description

Time

  • Played on: Dec. 21, 2015, 8:44 a.m.
  • Length: 14:51
Show
View Real Time Build Order
Export as new Build Order

블루토스 Protoss - Winner!

Build Orders: 1 Gate Expand 

Get SALT Encoding   

  12  0:01  Probe (Chrono Boost)  
  13  0:12  Probe (Chrono Boost)  
  14  0:18  Pylon  
  14  0:23  Probe (Chrono Boost)  
  15  0:38  Probe (Chrono Boost)  
  15  0:40  Gateway  
  16  0:48  Probe (Chrono Boost)  
  16  0:49  Assimilator  
  17  0:59  Probe (Chrono Boost)  
  18  1:09  Probe (Chrono Boost)  
  19  1:26  Nexus  
  19  1:34  Cybernetics Core  
  19  1:37  Probe (Chrono Boost)  
  20  1:44  Assimilator  
  20  1:52  Probe (Chrono Boost)  
  21  1:54  Pylon  
  21  2:10  Warp Gate  
  21  2:11  Adept (Chrono Boost)  
  21  2:15  Mothership Core (Chrono Boost)  
  25  2:21  Pylon  
  25  2:35  Probe  
  26  2:41  Robotics Facility  
  26  2:47  Probe (Chrono Boost)  
  26  2:50  Probe (Chrono Boost)  
  28  2:59  Probe (Chrono Boost)  
  28  3:02  Probe (Chrono Boost)  
  30  3:08  Pylon  
  30  3:10  Probe (Chrono Boost)  
  30  3:12  Probe (Chrono Boost)  
  32  3:20  Probe (Chrono Boost), Pylon  
  32  3:23  Probe (Chrono Boost)  
  34  3:38  Observer (Chrono Boost)  
  34  3:39  Gateway  
  34  3:40  Probe, Gateway  
  36  3:41  Probe  
  37  3:50  Probe  
  37  3:53  Probe  
  37  3:54  Pylon  
  39  3:59  Observer (Chrono Boost)  
  39  4:01  Probe  
  41  4:05  Probe, Pylon  
  42  4:11  Probe  
  45  4:17  Probe, Warp Prism (Chrono Boost)  
  46  4:29  Probe  
  46  4:30  Probe  
  48  4:36  Assimilator  
  48  4:40  Probe  
  48  4:41  Assimilator  
  48  4:43  Probe  
  50  4:47  Adept  
  50  4:48  Adept x2  
  50  4:50  Probe  
  57  4:55  Probe  
  58  5:08  Nexus  
  58  5:10  Probe  
  58  5:11  Probe  
  60  5:17  Pylon  
  60  5:19  Pylon  
  60  5:21  Probe  
  64  5:22  Immortal (Chrono Boost)  
  64  5:25  Probe  
  66  5:31  Probe  
  67  5:37  Probe  
  67  5:40  Zealot x2  
  68  5:50  Adept  
  68  5:52  Probe  
  68  5:55  Warp Prism (Chrono Boost)  
  65  6:16  Probe  
  65  6:17  Probe  
  67  6:18  Gateway  
  67  6:19  Gateway  
  67  6:21  Stalker x2, Gateway  
  67  6:23  Gateway  
  71  6:27  Probe, Immortal (Chrono Boost)  
  71  6:29  Probe  
  71  6:32  Probe  
  77  6:37  Probe  
  79  6:41  Probe  
  79  6:43  Probe  
  79  6:45  Stalker x3  
  87  6:48  Probe  
  88  7:00  Twilight Council  
  88  7:01  Observer (Chrono Boost), Forge  
  89  7:08  Sentry x3  
  95  7:10  Probe  
  95  7:11  Probe  
  97  7:17  Probe  
  97  7:20  Probe, Protoss Ground Weapons Level 1  
  99  7:24  Stargate  
  99  7:26  Probe  
  99  7:27  Probe, Pylon  
  99  7:29  Assimilator  
  101  7:30  Assimilator  
  101  7:36  Blink (Chrono Boost)  
  101  7:38  Probe  
  101  7:39  Probe, Photon Cannon  
  101  7:41  Photon Cannon  
  103  7:44  Probe  
  103  7:46  Dark Shrine  
  103  7:49  Stalker  
  103  7:50  Stalker x2, Probe  
  103  7:51  Sentry, Zealot  
  113  7:52  Sentry  
  116  7:59  Probe  
  116  8:00  Probe  
  116  8:02  Probe  
  119  8:12  Probe  
  120  8:14  Fleet Beacon  
  120  8:15  Probe  
  120  8:16  Probe  
  120  8:19  Pylon  
  122  8:22  Pylon  
  122  8:27  Probe  
  123  8:31  Stargate, Protoss Air Weapons Level 1  
  123  8:33  Probe  
  124  8:35  Pylon  
  124  8:41  Probe  
  124  8:42  Probe  
  126  8:49  Photon Cannon  
  126  8:51  Photon Cannon  
  126  8:53  Immortal  
  126  8:54  Photon Cannon  
  130  8:58  Dark Templar x3  
  130  8:59  Dark Templar, Pylon  
  138  9:11  Tempest (Chrono Boost)  
  138  9:15  Tempest (Chrono Boost)  
  146  9:33  Immortal  
  141  9:49  Probe x2  
  143  9:55  Protoss Ground Weapons Level 2 (Chrono Boost)  
  143  9:56  Zealot  
  153  10:00  Tempest x2 (Chrono Boost)  
  153  10:07  Forge  
  153  10:12  Observer  
  154  10:15  Nexus  
  154  10:16  Pylon  
  154  10:17  Robotics Facility  
  154  10:18  Pylon  
  154  10:22  Assimilator  
  154  10:27  Zealot, Assimilator  
  156  10:35  Tempest (Chrono Boost)  
  156  10:36  Pylon  
  156  10:38  Pylon  
  156  10:39  Tempest (Chrono Boost)  
  156  10:40  Protoss Ground Armor Level 1 (Chrono Boost)  
  156  10:42  Pylon  
  164  10:43  Pylon  
  164  10:48  Gateway  
  164  10:50  Gateway  
  164  10:51  Gateway  
  164  10:52  Gateway  
  164  10:57  Gateway  
  164  10:59  Pylon  
  164  11:00  Pylon  
  164  11:02  Pylon  
  164  11:04  Pylon  
  164  11:05  Immortal x2  
  172  11:20  Dark Templar x2  
  172  11:21  Dark Templar  
  178  11:30  Tempest  
  178  11:36  Tempest  
  186  11:46  Protoss Ground Weapons Level 3 (Chrono Boost)  
  178  12:03  Immortal x2  
  178  12:04  Protoss Ground Armor Level 2 (Chrono Boost)  
  186  12:13  Charge (Chrono Boost)  
  186  12:21  Protoss Air Weapons Level 2  
  186  12:30  Zealot x4  
  186  12:31  Zealot x3  
  200  12:57  Gateway  
  200  12:58  Gateway  
  200  13:00  Gateway  
  200  13:01  Gateway  
  200  13:07  Gateway  
  200  13:10  Gateway  
  200  13:16  Templar Archives  
  200  14:14  Zealot x2  
  200  14:15  Zealot x4  
  200  14:16  Zealot x4  
  190  14:17  Zealot x4  
  190  14:18  Zealot x2  
  152  14:44  Stalker x6  
  152  14:45  Stalker x6  
  174  14:46  Stalker x2  
Show
View Real Time Build Order
Export as new Build Order

ILLBdA Terran 

Build Orders: Reaper Expand 

Get SALT Encoding   

  12  0:01  SCV  
  13  0:13  SCV  
  14  0:23  Supply Depot  
  14  0:25  SCV  
  15  0:33  Refinery  
  15  0:45  SCV  
  15  0:48  Barracks  
  16  0:57  SCV  
  17  1:09  SCV  
  18  1:21  SCV  
  19  1:29  Command Center  
  19  1:36  Reaper  
  20  1:47  Orbital Command  
  20  1:57  Factory  
  20  2:05  Refinery  
  20  2:11  Barracks Reactor  
  20  2:16  SCV  
  20  2:20  Supply Depot  
  21  2:28  SCV  
  22  2:40  SCV  
  22  2:42  Engineering Bay  
  23  2:53  Orbital Command  
  23  3:03  Hellion, Starport  
  27  3:05  Hellion  
  27  3:24  Hellion  
  27  3:26  SCV x2  
  33  3:27  Hellion  
  32  3:38  SCV x2  
  32  3:40  Armory  
  34  3:42  Missile Turret  
  34  3:45  Medivac  
  36  3:53  SCV, Missile Turret  
  38  3:55  SCV  
  38  3:59  Hellion  
  40  4:05  SCV  
  40  4:08  SCV  
  42  4:17  SCV  
  42  4:22  SCV  
  42  4:23  Starport Reactor  
  42  4:26  Liberator x2  
  40  4:32  Factory Tech Lab  
  40  4:40  Command Center  
  46  4:59  Supply Depot  
  46  5:15  Terran Vehicle Weapons Level 1  
  46  5:20  Supply Depot, Siege Tank, SCV  
  50  5:25  SCV  
  50  5:26  Supply Depot  
  51  5:33  SCV  
  49  5:53  Siege Tank  
  44  6:20  Orbital Command  
  44  6:23  SCV  
  45  6:27  SCV  
  46  6:37  SCV, Refinery  
  46  6:39  SCV  
  48  6:40  Refinery  
  48  6:44  Missile Turret, Orbital Command  
  48  6:45  Siege Tank, Missile Turret  
  51  6:49  SCV, Missile Turret  
  51  6:52  SCV  
  53  6:57  Missile Turret  
  53  6:58  Missile Turret  
  53  7:01  SCV  
  53  7:04  SCV  
  53  7:05  Liberator  
  55  7:11  SCV  
  55  7:13  SCV  
  57  7:16  SCV  
  57  7:17  Siege Tank  
  64  7:23  SCV  
  64  7:25  SCV  
  64  7:28  SCV, Missile Turret  
  67  7:33  Liberator  
  67  7:35  SCV  
  68  7:37  SCV  
  68  7:40  SCV  
  68  7:42  Barracks  
  68  7:43  Barracks x2  
  70  7:47  SCV  
  70  7:49  Siege Tank  
  77  7:51  Liberator  
  77  7:59  SCV  
  81  8:12  Barracks Tech Lab  
  81  8:13  SCV  
  81  8:17  Supply Depot x2  
  81  8:19  Supply Depot  
  82  8:21  Siege Tank  
  82  8:22  Supply Depot  
  85  8:27  Terran Vehicle Weapons Level 2  
  85  8:32  Barracks Reactor  
  85  8:45  SCV  
  85  8:47  Barracks Reactor, Refinery  
  86  8:48  Refinery  
  86  8:49  Stimpack  
  86  8:51  Barracks Reactor  
  86  8:52  Marine  
  86  8:53  SCV  
  88  9:03  Siege Tank  
  88  9:06  SCV  
  92  9:10  Marine  
  93  9:19  SCV  
  93  9:20  SCV x2, Marine  
  97  9:28  Marine  
  90  9:31  SCV  
  90  9:32  SCV  
  90  9:34  Command Center  
  90  9:35  Liberator  
  90  9:36  Liberator  
  83  9:43  SCV x2  
  83  9:44  SCV  
  86  9:46  Marine x3  
  86  9:47  Marine x4  
  93  9:55  SCV  
  93  9:56  SCV x2, Siege Tank  
  105  10:04  Marine x7  
  111  10:15  SCV  
  111  10:20  SCV  
  113  10:21  Marine  
  113  10:22  SCV, Missile Turret, Marine x2  
  113  10:24  Missile Turret  
  117  10:30  Supply Depot  
  117  10:31  Supply Depot x2  
  117  10:33  Supply Depot  
  117  10:35  Siege Tank, Marine x4  
  124  10:39  Marine  
  125  10:52  SCV, Viking, Medivac, Marine x2  
  125  10:53  Marine x4  
  136  10:57  Marine  
  136  10:59  SCV  
  138  11:04  SCV  
  138  11:05  Liberator  
  138  11:10  Marine x6  
  145  11:15  Marine  
  145  11:16  Command Center  
  146  11:22  Medivac  
  151  11:27  Marine x2  
  151  11:28  Starport, Marine x4  
  151  11:29  Starport  
  157  11:39  Supply Depot x3  
  157  11:43  Liberator  
  157  11:48  Marine, Liberator  
  157  11:49  Marine  
  157  11:51  Marine  
  157  11:59  SCV, Marine  
  157  12:00  Marine x3  
  163  12:06  Marine  
  163  12:07  Marine  
  165  12:08  Marine  
  165  12:10  Siege Tank  
  165  12:12  Starport Reactor x2  
  169  12:17  Marine  
  169  12:18  Marine x2  
  173  12:23  Barracks Reactor  
  173  12:24  Marine x2  
  173  12:26  Marine, Liberator  
  175  12:30  Missile Turret  
  175  12:32  Missile Turret  
  175  12:33  Planetary Fortress  
  175  12:34  Marine  
  175  12:36  Marine x2  
  178  12:40  Supply Depot x2  
  178  12:41  Marine  
  178  12:42  Siege Tank, Marine  
  178  12:43  Supply Depot x2, Liberator  
  186  12:44  Marine  
  186  12:46  Supply Depot  
  187  12:52  Terran Infantry Weapons Level 1, Missile Turret  
  187  13:05  Liberator x3  
  190  13:14  Missile Turret  
  190  13:15  Missile Turret x2  
  190  13:25  Marine  
  200  13:36  Missile Turret  
  200  13:37  Missile Turret  
  200  13:55  Refinery, Medivac  
  200  13:56  Refinery  
  189  14:16  Viking  
  167  14:17  Viking  
Tags
 
Add a new tag
Caveats
  • Supply blocks, unpowered buildings, or Contaminate may cause inaccurate times.
  • Supply counts are checked every 10 seconds.